 Dungeon Sprint DCSS version 0.27.1-1-g398f81649c (webtiles) character file.

Game seed: 15173627834196528196

2230 styxcanada the Unseen (level 9, -4/47 HPs)
             Began as a Spriggan Brigand on Sept 15, 2021.
             Was an Initiate of Gozag.
             Killed from afar by an oklob plant (13 damage)
             ... with a splash of acid
             ... in the Dungeon (Sprint IV: "Fedhas' Mad Dash").
             The game lasted 00:06:59 (793 turns).

styxcanada the Unseen (Spriggan Brigand)             Turns: 793, Time: 00:06:59

Health: -4/47      AC:  3    Str:  7    XL:     9   Next: 14%
Magic:  19/19      EV: 23    Int: 13    God:    Gozag
Gold:   201        SH:  0    Dex: 19    Spells: 16/20 levels left

rFire    . . .     SeeInvis +   a - +2 dagger
rCold    . . .     Faith    .   (shield restricted)
rNeg     . . .     Spirit   .   b - +0 robe
rPois    .         Reflect  .   (helmet restricted)
rElec    .         Harm     .   c - +0 cloak
rCorr    .         Rampage  .   (gloves unavailable)
Will     +....     NoTele   +   (boots unavailable)
Stlth    ++++++++..             m - amulet of invisibility {+Inv}
HPRegen  0.15/turn              (no ring)
MPRegen  0.16/turn              (no ring)

@: gold aura, very slightly contaminated, very quick
A: very small, no large weapons, unfitting armour, see invisible, speed 3
a: Renounce Religion, Evoke Invisibility, Potion Petition, Call Merchant, Bribe
Branch


You were in the Dungeon.
You worshipped Gozag.
Gozag was aware of your devotion.
You visited 1 branch You collected 1314 gold pieces.
You spent 1113 gold pieces at shops.

Inventory:

Hand Weapons
 a - a +2 dagger (weapon)
 p - the +9 mace "Beetleslayer" {freeze, rF+ Dex+2}
   (You bought it in a shop in the Dungeon)

   It freezes those it strikes, dealing additional cold damage.
   It can also slow down cold-blooded creatures.
   Dex:       It affects your dexterity (+2).
   rF:        It protects you from fire.
Missiles
 d - 7 poisoned darts (quivered)
 e - 2 curare-tipped darts
 l - 22 stones
Armour
 b - a +0 robe (worn)
 c - a +0 cloak (worn)
Jewellery
 m - the amulet of invisibility (around neck) {+Inv}
   (You found it in the Dungeon)

   [amulet of nothing]

   +Inv:      It lets you turn invisible.
Scrolls
 j - a scroll of identify
 k - a scroll of blinking
 n - a scroll of fog
 o - a scroll of vulnerability
Potions
 f - a potion of curing
 g - a potion of heal wounds
 h - a potion of haste
 i - 2 potions of magic


   Skills:
 * Level 5.2 Fighting
 + Level 4.5 Short Blades
 + Level 0.2 Maces & Flails
 + Level 4.4 Throwing
 * Level 8.3 Dodging
 * Level 19.8 Stealth
 * Level 6.3 Spellcasting
 * Level 3.8 Conjurations
 * Level 5.1 Hexes
 * Level 4.0 Fire Magic
 * Level 3.4 Ice Magic
 + Level 5.5 Evocations


You had 16 spell levels left.
You knew the following spells:

 Your Spells              Type           Power      Damage    Failure   Level
a - Foxfire               Conj/Fire      56%        2x1d6     3%          1
b - Corona                Hex            18%        N/A       1%          1
c - Ensorcelled Hibernat  Hex/Ice        30%        N/A       4%          2

Your spell library contained the following spells:

 Spells                   Type           Power      Damage    Failure   Level
 Freeze                   Ice            52%        1d7       4%          1
 Tukima's Dance           Hex            17%        N/A       6%          3
 Inner Flame              Hex/Fire       16%        N/A       8%          3
 Conjure Flame            Conj/Fire      14%        6-21      10%         3
 Frozen Ramparts          Ice            26%        1d4       12%         3
 Hailstorm                Conj/Ice       13%        3d5       36%         4


Dungeon Overview and Level Annotations

Branches:
Dungeon (1/1)

Altars:
Cheibriados
Dithmenos
Elyvilon
Gozag
Hepliaklqana
Kikubaaqudgha
Makhleb
Nemelex Xobeh
Okawaru
Qazlal
Ru
Sif Muna
Trog
Uskayaw
Vehumet
Wu Jian
Xom
Yredelemnul
Zin
The Shining One
Beogh
Jiyva
Lugonu

Shops:
D :(?[

Annotations:
D exclusions: oklob plant and oklob sapling


Innate Abilities, Weirdness & Mutations

You are very small and have problems with some larger weapons.
You are too small for most types of armour.
You have supernaturally acute eyesight. (SInv)
You cover ground extremely quickly. (Speed+++)


Message History

The burning bush throws fire at you. The puff of flame misses you.
You hit the burning bush. You freeze the burning bush.
The burning bush is severely damaged.
You completely miss the burning bush.
The burning bush is severely damaged.
You hit the burning bush. You freeze the burning bush.
The burning bush is almost destroyed.
The burning bush throws fire at you. The puff of flame misses you.
You hit the burning bush but do no damage.
The burning bush is almost destroyed.
You flicker for a moment.
The burning bush throws fire at you. The puff of flame hits you. You resist.
You completely miss the burning bush.
The burning bush is almost destroyed.
The burning bush throws fire at you. The puff of flame hits you. You resist.
The burning bush throws fire at you. The puff of flame hits you. You resist.
You hit the burning bush but do no damage.
The burning bush is almost destroyed.
You hit the burning bush. You freeze the burning bush.
You destroy the burning bush!
Your Fire Magic skill increases to level 4!
You see here 90 gold pieces.
The +9 mace "Beetleslayer" {freeze, rF+ Dex+2} stops glowing.
a - a +2 dagger (weapon)
You flicker back into view.
The oklob plant spits acid at you. The splash of acid hits you!
You are splashed with acid!
* * * LOW HITPOINT WARNING * * *
The oklob plant spits acid at you. The splash of acid misses you.
You hit the oklob plant but do no damage.
The oklob plant spits acid at you. The splash of acid hits you!
You die...
Your body crumbles into a pile of gold.

#PP..'.....'.#...'.._._._._._
#PPPP#.....#.#...#..._._._._.
###############'##.._._._._._
#...♣........'...#._._._._._.
#......♣.....#...############
#.....♣..♣..###### $
##'####'######P[+
#..#....'......f#
#..#.)###$..@P..# $$ #######
#########


You could see an oklob plant, a wandering mushroom and an oklob sapling.

Vanquished Creatures
  An oklob plant (D)
  3 burning bushes (D)
  2 wandering mushrooms (D)
  A queen bee (D)
  3 scorpions (D)
  4 killer bees (D)
  4 oklob saplings (D)
  2 spriggans (D)
  A river rat (D)
  A rat (D)
22 creatures vanquished.

Vanquished Creatures (others)
  A fungus (D)
1 creature vanquished.

Grand Total: 23 creatures vanquished

Notes
Turn   | Place    | Note
-------+----------+-------------------------------------------
     0 | D        | styxcanada the Spriggan Brigand began the quest for the
                  | Orb.
     0 | D        | Reached XP level 1. HP: 10/10 MP: 2/2
    17 | D        | Reached skill level 8 in Stealth
    17 | D        | Reached XP level 2. HP: 15/15 MP: 3/3
    41 | D        | Noticed an oklob sapling
    43 | D        | Killed an oklob sapling
    44 | D        | Reached skill level 9 in Stealth
    44 | D        | Reached XP level 3. HP: 18/18 MP: 4/4
    45 | D        | Noticed a scorpion
    45 | D        | Found the amulet of invisibility {+Inv}
    47 | D        | Killed a scorpion
    48 | D        | Reached skill level 12 in Stealth
    48 | D        | Reached XP level 4. HP: 23/23 MP: 5/5
    71 | D        | Learned a level 1 spell: Foxfire
    72 | D        | Found an opulent altar of Gozag.
    72 | D        | Found a hazy altar of Hepliaklqana.
    72 | D        | Found a burning altar of Makhleb.
    72 | D        | Found a sparkling altar of Nemelex Xobeh.
    72 | D        | Found a snail-covered altar of Cheibriados.
    72 | D        | Found a sacrificial altar of Ru.
    72 | D        | Found a shimmering blue altar of Sif Muna.
    72 | D        | Found a shimmering altar of Xom.
    72 | D        | Found a basalt altar of Yredelemnul.
    73 | D        | Found a viscous altar of Jiyva.
    73 | D        | Found a bloodstained altar of Trog.
    73 | D        | Found an ornate altar of the Wu Jian Council.
    74 | D        | Found an iron altar of Okawaru.
    74 | D        | Found a shadowy altar of Dithmenos.
    74 | D        | Found a glowing silver altar of Zin.
    75 | D        | Found an ancient bone altar of Kikubaaqudgha.
    75 | D        | Found a hide-covered altar of Uskayaw.
    76 | D        | Found a stormy altar of Qazlal.
    76 | D        | Found a white marble altar of Elyvilon.
    76 | D        | Found a glowing golden altar of the Shining One.
    77 | D        | Became a worshipper of Gozag Ym Sagoz the Greedy
    78 | D        | Found a corrupted altar of Lugonu.
    78 | D        | Found a radiant altar of Vehumet.
    82 | D        | Reached skill level 13 in Stealth
    82 | D        | Reached skill level 1 in Spellcasting
    82 | D        | Reached XP level 5. HP: 28/28 MP: 3/7
   141 | D        | Reached skill level 1 in Conjurations
   141 | D        | Reached skill level 1 in Fire Magic
   147 | D        | Reached skill level 14 in Stealth
   147 | D        | Reached skill level 1 in Evocations
   148 | D        | Reached skill level 5 in Dodging
   150 | D        | Reached XP level 6. HP: 32/32 MP: 6/10
   175 | D        | Found Jyenega's Weapon Shop.
   175 | D        | Found Ziro's Book Emporium.
   181 | D        | Bought a book of Maledictions for 234 gold pieces
   183 | D        | Learned a level 1 spell: Corona
   186 | D        | Learned a level 2 spell: Ensorcelled Hibernation
   204 | D        | Noticed a burning bush
   204 | D        | Noticed a wandering mushroom
   205 | D        | Noticed a wandering mushroom
   209 | D        | Killed a wandering mushroom
   210 | D        | Reached skill level 16 in Stealth
   210 | D        | Reached skill level 1 in Ice Magic
   210 | D        | Killed a wandering mushroom
   211 | D        | Reached skill level 17 in Stealth
   211 | D        | Reached XP level 7. HP: 26/37 MP: 8/14
   321 | D        | Killed a burning bush
   322 | D        | Reached skill level 18 in Stealth
   336 | D        | Found Abrekk's Armour Emporium.
   336 | D        | Found Ycrou's Magic Scroll Shoppe.
   342 | D        | Bought a scroll of identify for 28 gold pieces
   342 | D        | Bought a scroll of identify for 28 gold pieces
   542 | D        | Reached XP level 8. HP: 42/42 MP: 13/16
   548 | D        | Noticed a queen bee
   555 | D        | Killed a queen bee
   556 | D        | Reached skill level 5 in Spellcasting
   609 | D        | Noticed an oklob plant
   612 | D        | Killed an oklob plant
   613 | D        | Reached skill level 19 in Stealth
   613 | D        | Reached skill level 5 in Evocations
   626 | D        | Noticed a burning bush
   629 | D        | Killed a burning bush
   630 | D        | Reached skill level 5 in Fighting
   630 | D        | Reached skill level 5 in Hexes
   630 | D        | Reached XP level 9. HP: 47/47 MP: 17/19
   676 | D        | Noticed a burning bush
   676 | D        | Noticed an oklob plant
   677 | D        | Noticed a wandering mushroom
   733 | D        | Bought the +9 mace "Beetleslayer" {freeze, rF+ Dex+2} for
                  | 823 gold pieces
   787 | D        | Killed a burning bush
   793 | D        | Killed from afar by an oklob plant

Illustrated notes

Levels and vault maps discovered:
D:        dungeon_sprint_fedhas [sprint_temple]

Skill      XL: |  1  2  3  4  5  6  7  8  9 |
---------------+----------------------------+-----
Dodging        | 2 4 5 6 8 |  8.3
Stealth        | 8 9 12 13 14 17 18 19 | 19.8
Fighting       | 2 3 4 5 |  5.2
Short Blades   | 3 4 |  4.5
Throwing       | 3 4 |  4.4
Spellcasting   | 1 2 4 6 |  6.3
Conjurations   | 1 2 3 |  3.8
Fire Magic     | 1 2 3 4 |  4.0
Evocations     | 1 3 5 |  5.5
Hexes          | 2 3 5 |  5.1
Ice Magic      | 1 2 3 |  3.4
Maces & Flails | |  0.2

Action                   |  1- 3 |  4- 6 |  7- 9 || total
-------------------------+-------+-------+-------++-------
Melee: Dagger            |     6 |    10 |    31 ||    47
       Mace              |       |       |    16 ||    16
Throw: Dart              |     6 |       |       ||     6
 Abil: Evoke Invisibilit |       |     3 |     5 ||     8
  Use: Scroll            |       |       |     2 ||     2
       Potion            |       |       |     1 ||     1
 Stab: Sleeping          |     2 |     6 |     9 ||    17
       Invisible         |       |     1 |       ||     1
Dodge: Dodged            |     2 |     1 |     6 ||     9
